 Dungeon Crawl Stone Soup version 0.28-a0-245-g639a1a48b9 (webtiles) character file.

Game seed: 2909603587209754479

4064 willcat the Covert (level 10, -8/56 HPs)
             Began as a Kobold Delver on Aug 25, 2021.
             Was a Believer of Nemelex Xobeh.
             Mangled by an orc wizard (13 damage)
             ... on level 10 of the Dungeon.
             The game lasted 00:09:28 (6432 turns).

willcat the Covert (Kobold Delver)                  Turns: 6432, Time: 00:09:29

Health: -8/56      AC:  8    Str: 16    XL:     10   Next: 49%
Magic:  16/16      EV: 19    Int: 13    God:    Nemelex Xobeh [**....]
Gold:   403        SH:  0    Dex: 18    Spells: 16/17 levels left

rFire   . . .      SeeInvis .   w - +2 short sword (holy)
rCold   . . .      Faith    .   (shield restricted)
rNeg    . . .      Spirit   .   b - +0 leather armour
rPois   .          Reflect  .   (no helmet)
rElec   .          Harm     .   u - +0 cloak
rCorr   .          Rampage  .   j - +0 pair of gloves
Will    .....                   r - +2 pair of boots
Stlth   ++++++....              s - amulet of magic regeneration
HPRegen 0.18/turn               a - +6 ring of strength
MPRegen 0.40/turn               (no ring)

@: no status effects
A: small, no large weapons, nightstalker 3
a: Renounce Religion, Draw Escape, Draw Destruction, Draw Summoning


You were on level 10 of the Dungeon.
You worshipped Nemelex Xobeh.
Nemelex Xobeh was pleased with you.
You visited 3 branches of the dungeon, and saw 8 of its levels.

You collected 403 gold pieces.

Inventory:

Hand Weapons
 w - a +2 short sword of holy wrath (weapon)
Missiles
 q - 16 poisoned darts (quivered)
Armour
 b - a +0 leather armour (worn)
 j - a +0 pair of gloves (worn)
 r - a +2 pair of boots (worn)
 u - a +0 cloak (worn)
Jewellery
 a - a +6 ring of strength (left hand)
 s - an amulet of magic regeneration (around neck)
Wands
 g - a wand of digging (2)
 h - a wand of iceblast (6)
 o - a wand of polymorph (15)
 x - a wand of flame (17)
Scrolls
 c - 2 scrolls of fog
 d - 2 scrolls of magic mapping
 e - a scroll of enchant armour {unknown}
 k - a scroll of amnesia
 v - a scroll of teleportation {unknown}
Potions
 f - a potion of haste
 i - 3 potions of degeneration {unknown}
 l - a potion of magic {unknown}
 m - 4 potions of attraction
 n - 2 potions of flight
 p - a potion of curing {unknown}
 t - a potion of ambrosia


   Skills:
 - Level 3.2 Fighting
 + Level 9.7 Short Blades
 + Level 8.8 Dodging
 + Level 11.7 Stealth
 + Level 4.0 Spellcasting
 + Level 3.9 Ice Magic
 + Level 4.6 Invocations
 - Level 2.1 Evocations


You had 16 spell levels left.
You knew the following spells:

 Your Spells              Type           Power      Damage    Failure   Level
a - Freeze                Ice            48%        1d7       4%          1

Your spell library contained the following spells:

 Spells                   Type           Power      Damage    Failure   Level
 Frozen Ramparts          Ice            24%        1d4       16%         3
 Inner Flame              Hex/Fire       2%         N/A       58%         3
 Hailstorm                Conj/Ice       7%         3d4       75%         4
 Cause Fear               Hex            1%         N/A       94%         4
 Passage of Golubria      Tloc           N/A        N/A       94%         4
 Silence                  Hex/Air        1%         N/A       100%        5
 Discord                  Hex            1%         N/A       100%        8
 Lehudib's Crystal Spear  Conj/Erth      1%         10d2      100%        8


Dungeon Overview and Level Annotations

Branches:
Dungeon (10/15)            Temple (1/1) D:5            Lair (1/6) D:9
    Orc: D:9-12

Altars:
Ashenzari
Cheibriados
Dithmenos
Fedhas
Hepliaklqana
Kikubaaqudgha
Nemelex Xobeh
Sif Muna
Uskayaw
Vehumet
Wu Jian
Xom
Yredelemnul
Zin
The Shining One

Shops:
D:7 [   D:8 *


Innate Abilities, Weirdness & Mutations

You are small and have problems with some larger weapons.
You are completely attuned to the shadows.


Message History

You barely miss the centaur.
The centaur is almost dead.
The centaur closely misses you. The centaur misses you.
You hit the centaur but do no damage.
The centaur is almost dead.
The centaur barely misses you. The centaur closely misses you.
You hit the centaur.
You kill the centaur!
You hit the orc.
The orc is heavily wounded.
You puncture the orc!
You kill the orc!
You hit the orc.
The orc is moderately wounded.
You hit the orc but do no damage.
The orc is moderately wounded.
The orc completely misses you.
You hit the orc.
The orc is heavily wounded.
The orc barely misses you.
You hit the orc.
You kill the orc!
You hear some strange, mumbled words.
A magic dart appears from out of thin air!
The magic dart hits you.
Items here: ( )))) [ †††.
You barely miss something. Something hits you but does no damage.
You hit something. You hit something. Something hits you but does no damage.
You barely miss something. Something hits you but does no damage.
You hit something but do no damage. You hit something.
Something hits you but does no damage.
You are electrocuted!!
* * * LOW HITPOINT WARNING * * *
You hit something. You hit something. Something hits you but does no damage.
You barely miss something. Something hits you but does no damage.
You are electrocuted!
You die...
Your body disappears without a glow.

##.#.#... #.#.#.##
#.#'#.# #.....#
#.###### #....... #
#####.## #.######
#.# #.{@)..# #.#
#..###.##########.#
#.. #............#
#.. ##############
#.[


There were no monsters in sight!

Vanquished Creatures
  A komodo dragon (Lair:1)
  A hornet (D:9)
  4 yaks (Lair:1)
  3 water moccasins
  A hornet zombie (D:7)
  An orc warrior (D:10)
  2 sky beasts (D:8)
  An ice beast (D:8)
  5 wolves (Lair:1)
  A boggart (D:6)
  A centaur (D:10)
  An ogre (D:6)
  3 bullfrogs
  2 scorpions
  7 howler monkeys
  A jelly (D:5)
  5 hounds
  2 gnoll shamans
  An iguana (D:6)
  2 orc wizards
  A hound skeleton (D:5)
  8 gnolls
  An adder (D:6)
  11 orcs
66 creatures vanquished.

Vanquished Creatures (collateral kills)
  Erolcha (D:9)
  A wyvern (D:7)
2 creatures vanquished.

Vanquished Creatures (others)
  4 fungi (Lair:1)
  6 plants (Lair:1)
10 creatures vanquished.

Grand Total: 78 creatures vanquished

Notes
Turn   | Place    | Note
-------+----------+-------------------------------------------
     0 | D:5      | willcat the Kobold Delver began the quest for the Orb.
     0 | D:5      | Reached XP level 1. HP: 14/14 MP: 1/1
    69 | D:5      | Noticed a hound
    73 | D:5      | Killed a hound
    74 | D:5      | Reached skill level 7 in Stealth
    74 | D:5      | Reached XP level 2. HP: 19/19 MP: 2/2
    74 | D:5      | Reached XP level 3. HP: 23/23 MP: 3/3
   259 | D:5      | Noticed a scorpion
   262 | D:5      | Killed a scorpion
   263 | D:5      | Reached XP level 4. HP: 28/28 MP: 4/4
   421 | D:5      | Reached XP level 5. HP: 32/32 MP: 5/5
   522 | D:5      | Noticed a water moccasin
   569 | D:5      | Found a staircase to the Ecumenical Temple.
   574 | D:5      | Reached skill level 8 in Stealth
   574 | D:5      | Reached XP level 6. HP: 37/37 MP: 6/6
   577 | Temple   | Entered the Ecumenical Temple
   832 | Temple   | Became a worshipper of Nemelex Xobeh the Trickster
   853 | D:5      | Noticed an ice beast
   996 | D:6      | Reached skill level 5 in Short Blades
  1064 | D:6      | Noticed an ogre
  1069 | D:6      | Noticed a swamp drake
  1069 | D:6      | an ogre changed into a swamp drake
  1155 | D:7      | Reached skill level 5 in Dodging
  1318 | D:7      | Found Ubicwig Loll's Armour Shop.
  1435 | D:7      | Found a faded altar of an unknown god.
  1439 | D:7      | Found a faded altar of an unknown god.
  1441 | D:7      | Found an ancient bone altar of Kikubaaqudgha.
  1442 | D:7      | Found a blossoming altar of Fedhas.
  1510 | D:7      | Noticed a hornet
  1517 | D:7      | Noticed a wyvern
  1517 | D:7      | a hornet changed into a wyvern
  1521 | D:7      | Killed a wyvern
  1522 | D:7      | Reached XP level 7. HP: 11/41 MP: 7/7
  1686 | D:7      | Reached skill level 9 in Stealth
  2103 | D:6      | Reached * piety under Nemelex Xobeh
  2371 | D:6      | Noticed a water moccasin
  2375 | D:6      | Killed a water moccasin
  2376 | D:6      | Reached XP level 8. HP: 46/46 MP: 8/8
  2931 | D:7      | Reached skill level 10 in Stealth
  3269 | D:7      | Found a hazy altar of Hepliaklqana.
  3365 | D:8      | Reached skill level 1 in Evocations
  3518 | D:8      | Noticed a hornet
  3533 | D:8      | a hornet changed into a sky beast
  3711 | D:8      | Found a glowing golden altar of the Shining One.
  3751 | D:8      | Learned a level 1 spell: Freeze
  3911 | D:8      | Found Vemo Emi's General Store.
  3936 | D:8      | Received a gift from Nemelex Xobeh
  4050 | D:9      | Found a staircase to the Lair.
  4067 | D:9      | Reached XP level 9. HP: 51/51 MP: 8/10
  4078 | D:9      | Reached skill level 1 in Invocations
  4093 | D:9      | Noticed Erolcha
  4104 | Lair:1   | Entered Level 1 of the Lair of Beasts
  4156 | Lair:1   | Noticed a komodo dragon
  4172 | Lair:1   | Killed a komodo dragon
  4173 | Lair:1   | Reached skill level 1 in Spellcasting
  4173 | Lair:1   | Reached skill level 1 in Ice Magic
  4848 | Lair:1   | Reached skill level 11 in Stealth
  5022 | Lair:1   | Reached ** piety under Nemelex Xobeh
  5080 | Lair:1   | Reached XP level 10. HP: 12/56 MP: 14/14
  5245 | Lair:1   | Noticed a komodo dragon
  5440 | Lair:1   | Noticed a komodo dragon
  5486 | D:9      | Killed Erolcha
  5771 | D:9      | Found a broken altar of Ashenzari.
  5966 | D:9      | Identified the +0 scale mail "Jinossabaxt" {Int+8}
  6057 | D:9      | Found a basalt altar of Yredelemnul.
  6288 | D:10     | Entered Level 10 of the Dungeon
  6432 | D:10     | Mangled by an orc wizard

Illustrated notes

Levels and vault maps discovered:
D:5:      layout_basic, minmay_temple_entry_large_hall, gammafunk_ghost_arena,
          uniq_sigmund
D:6:      layout_loops_ring, lemuel_tele_altar
D:7:      layout_cave_pools, chequers_temple_overflow_minitemple, serial_shops,
          nicolae_shop_statue_plus
D:8:      layout_rooms, mainiacjoe_overflow_paths, serial_shops, shop_statue
D:9:      layout_rooms, mainiacjoe_overflow_small_starburst,
          yredelemnul_altar_generic, lair_entry_dummy, uniq_erolcha
D:10:     layout_loops_ring, okawaru_trees_2, gammafunk_temple_overflow_statue,
          mainiacjoe_overflow_surrounded_room
Temple:   compressed_dpeg_triangle_lava_temple
Lair:1:   layout_layer_cave

Skill      XL: |  1  2  3  4  5  6  7  8  9 10 |
---------------+-------------------------------+-----
Short Blades   | 3 4 5 7 8 9 |  9.7
Dodging        | 3 4 5 6 7 8 |  8.8
Stealth        | 7 8 9 10 11 | 11.7
Evocations     | 2 |  2.1
Invocations    | 3 4 |  4.6
Spellcasting   | 3 4 |  4.0
Ice Magic      | 2 3 |  3.9
Fighting       | |  3.2

Action                   |  1- 3 |  4- 6 |  7- 9 | 10-12 || total
-------------------------+-------+-------+-------+-------++-------
Melee: Short sword       |     2 |    25 |   284 |   113 ||   424
Throw: Dart              |       |       |     8 |       ||     8
 Cast: Freeze            |       |       |       |     5 ||     5
Invok: Draw Destruction  |       |       |     8 |       ||     8
       Draw Escape       |       |       |     1 |       ||     1
       Draw Summoning    |       |       |       |     1 ||     1
Evoke: Wand              |       |     2 |    19 |       ||    21
  Use: Scroll            |       |     6 |     1 |       ||     7
       Potion            |       |     1 |     4 |       ||     5
 Stab: Sleeping          |     2 |     6 |    11 |     3 ||    22
       Confused          |       |       |     1 |       ||     1
Armor: Leather armour    |       |     6 |    53 |    23 ||    82
Dodge: Dodged            |       |    20 |   181 |    79 ||   280

Table legend: (Time is in decaauts)
 A = Elapsed time spent in this place.
 B = Non-inter-level travel time spent in this place.
 C = Inter-level travel time spent in this place.
 D = Time resting spent in this place.
 E = Time spent auto-exploring this place.
 F = Levels seen in this place.
 G = Mean time per level.
                   A        B        C        D        E       F      G
               +--------+--------+--------+--------+--------+-----+--------+
         Total |   6291 |   6072 |    219 |   2142 |   2647 |   8 |  786.4 |
       Dungeon |   4679 |   4500 |    179 |   1248 |   2270 |   6 |  779.8 |
        Temple |    270 |    255 |     15 |      0 |    233 |   1 |  270.0 |
          Lair |   1341 |   1316 |     25 |    894 |    144 |   1 | 1341.0 |
               +--------+--------+--------+--------+--------+-----+--------+

Top non-repeatable levels by time:
     D:7: 1460 daAuts
  Lair:1: 1341 daAuts
     D:6: 950 daAuts
     D:9: 811 daAuts
     D:8: 678 daAuts
     D:5: 657 daAuts
  Temple: 270 daAuts
    D:10: 121 daAuts
